 Dungeon Crawl Stone Soup version 0.16.1-18-g436b03c (webtiles) character file.

154 maxaitor the Skirmisher (level 5, -3/47 HPs)
             Began as a Draconian Berserker on May 10, 2015.
             Was an Initiate of Okawaru.
             Slain by a wyvern (8 damage)
             ... on level 5 of the Dungeon.
             The game lasted 00:26:29 (4189 turns).

maxaitor the Skirmisher (Draconian Berserker)       Turns: 4189, Time: 00:26:29

Health: -3/47      AC:  7    Str: 20    XL:     5   Next: 13%
Magic:  5/5        EV: 13    Int:  7    God:    Okawaru [......]
Gold:   101        SH:  0    Dex: 11    Spells: 0 memorised, 4 levels left

rFire  . . .     SeeInvis .     t - +0 falchion
rCold  . . .     Clarity  .     (armour unavailable)
rNeg   . . .     SustAb   .     (no shield)
rPois  .         Gourm    .     (helmet restricted)
rElec  .         Spirit   .     b - +0 cloak
rCorr  .         Warding  .     y - +0 pair of gloves
rMut   .         Stasis   .     (no boots)
MR     .....                    (no amulet)
Stlth  +.........               (no ring)
                                (no ring)

@: not resistant to hostile enchantments, very unstealthy
A: unfitting armour, cold-blooded, AC +5
a: Renounce Religion


You were on level 5 of the Dungeon.
You worshipped Okawaru.
Okawaru was noncommittal.
You were not hungry.

You visited 1 branch of the dungeon, and saw 5 of its levels.

You collected 101 gold pieces.

Inventory:

Hand weapons
 t - a +0 falchion (weapon)
 w - a +2 long sword of slicing
Missiles
 e - 9 poisoned needles
 n - 4 tomahawks of returning (quivered)
 o - 6 needles of confusion
Armour
 b - a +0 cloak (worn)
 y - a +0 pair of gloves (worn)
Jewellery
 s - an uncursed ring of flight {unknown}
Magical devices
 f - a wand of polymorph (12)
Scrolls
 p - a scroll of magic mapping
 r - 3 scrolls of remove curse
 u - a scroll of blinking
Potions
 a - 2 potions of flight {unknown}
 g - a potion of ambrosia {unknown}
 h - a potion of restore abilities {unknown}
 i - a potion of poison {unknown}
 k - 2 potions of curing {unknown}
 l - 2 potions of degeneration {unknown}
 m - 2 potions of magic {unknown}
 q - a potion of brilliance {unknown}
 v - 2 potions of decay {unknown}
 x - a potion of berserk rage {unknown}
Comestibles
 c - 2 bread rations
 d - 5 meat rations
 j - 2 beef jerkies


   Skills:
 + Level 4.3 Fighting
 + Level 3.9 Long Blades
 + Level 4.1 Dodging


You had 4 spell levels left.
You didn't know any spells.

Dungeon Overview and Level Annotations

Branches:
Dungeon (5/15)
 Temple: D:4-7

Altars:
Elyvilon
Okawaru
Qazlal
Yredelemnul

Annotations:
D:3 1 runed door


Innate Abilities, Weirdness & Mutations

Your plain brown scales are hard (AC +5).
Your body does not fit into most forms of armour.
Your cold-blooded metabolism reacts poorly to cold.


Message History

The wyvern is almost dead.
The wyvern misses you. The wyvern barely misses you.
You hit the wyvern but do no damage. You tail-slap the wyvern.
The wyvern is almost dead.
The wyvern barely misses you. The wyvern bites you!
* * * LOW HITPOINT WARNING * * *
You hit the wyvern but do no damage.
You tail-slap the wyvern, but do no damage.
The wyvern is almost dead.
The wyvern barely misses you.
You barely miss the wyvern.
You tail-slap the wyvern, but do no damage.
The wyvern is almost dead.
The wyvern bites you!
* * * LOW HITPOINT WARNING * * *
The wyvern barely misses you.
You barely miss the wyvern.
Your tail-slap misses the wyvern.
The wyvern is almost dead.
The wyvern bites you!
You die...

#....##...##..#
#... ##...#..#
..# ##..#..# #.
#.....# #.
##..#..#
#.####..#####
#..##..##
#..#..##
#.@..## #..D##
#.......#
##........
.......##..
.......## ##.
.....## .... .


You could see a wyvern.

Vanquished Creatures
  2 worker ants (D:4)
  A hound skeleton (D:4)
  An adder (D:2)
  A giant mite (D:2)
  2 worms (D:2)
  A giant gecko (D:3)
  7 orcs
  4 giant cockroaches
  7 hobgoblins
  4 jackals (D:2)
  A ball python (D:2)
  5 bats
  3 giant newts
  11 goblins
  4 kobolds
  5 rats
59 creatures vanquished.

Notes
Turn   | Place    | Note
--------------------------------------------------------------
     0 | D:1      | maxaitor, the Draconian Berserker, began the quest for the Orb.
     0 | D:1      | Reached XP level 1. HP: 19/19 MP: 1/1
   871 | D:1      | Reached XP level 2. HP: 19/26 MP: 2/2
  1146 | D:2      | Found a white marble altar of Elyvilon.
  1404 | D:2      | Reached XP level 3. HP: 22/33 MP: 3/3
  1646 | D:2      | Acquired Trog's second power
  1686 | D:2      | Reached skill level 4 in Fighting
  2010 | D:3      | Found a runed door.
  2014 | D:3      | Found a white marble altar of Elyvilon.
  2014 | D:3      | Noticed an angel
  2316 | D:3      | Reached XP level 4. HP: 37/40 MP: 4/4
  2910 | D:4      | Found a basalt altar of Yredelemnul.
  3114 | D:4      | Reached XP level 5. HP: 8/47 MP: 5/5
  3137 | D:4      | HP: 2/47 [poisoned by a worker ant]
  3818 | D:4      | Found an iron altar of Okawaru.
  3821 | D:4      | Fell from the grace of Trog
  3821 | D:4      | Became a worshipper of Warmaster Okawaru
  4008 | D:5      | Entered Level 5 of the Dungeon
  4015 | D:5      | Found a stormy altar of Qazlal.
  4179 | D:5      | Noticed a wyvern
  4189 | D:5      | Slain by a wyvern

Action                   |  1- 3 |  4- 6 || total
-------------------------+-------+-------++-------
Melee: Falchion          |   147 |    95 ||   242
  Use: Scroll            |     3 |     2 ||     5
  Eat: Chunk             |     4 |     2 ||     6
       Fruit             |       |     2 ||     2
       Beef jerky        |       |     2 ||     2
